 Dungeon Crawl Stone Soup version 0.18-a0-888-gdb73dea (webtiles) character file.

575 Proton the Shield-Bearer (level 7, -6/55 HPs)
             Began as a Formicid Fighter on Dec 23, 2015.
             Mangled by an ogre
             ... wielding a +0 giant spiked club
              (26 damage)
             ... on level 4 of the Dungeon.
             The game lasted 00:06:02 (3742 turns).

Proton the Shield-Bearer (Formicid Fighter)         Turns: 3742, Time: 00:06:02

Health: -6/55      AC: 10    Str: 23    XL:     7   Next: 61%
Magic:  7/7        EV:  6    Int: 13    God:
Gold:   102        SH:  9    Dex: 10    Spells: 0 memorised, 6 levels left

rFire  . . .     SeeInvis +     a - +0 long sword
rCold  . . .     Gourm    .     r - +0 chain mail
rNeg   . . .     Faith    .     c - +0 shield
rPois  .         Spirit   .     (helmet unavailable)
rElec  .         Dismiss  .     (no cloak)
rCorr  .         Reflect  .     (no gloves)
SustAt .         Harm     +     D - +0 pair of boots
MR     .....                    j - amulet of harm
Stlth  ..........               u - ring of stealth
                                t - +6 ring of intelligence

@: drained, not resistant to hostile enchantments, extremely unstealthy
A: permanent stasis, dig shafts and tunnels, four strong arms, antennae 3
a: Dig, Shaft Self


You were on level 4 of the Dungeon.
You were not hungry.

You visited 1 branch of the dungeon, and saw 6 of its levels.

You collected 102 gold pieces.

Inventory:

Hand Weapons
 a - a +0 long sword (weapon)
Armour
 c - a +0 shield (worn)
 r - a +0 chain mail (worn)
 D - a +0 pair of boots (worn)
Jewellery
 j - an amulet of harm (around neck)
 t - a +6 ring of intelligence (left hand)
 u - a ring of stealth (right hand)
 C - an uncursed amulet of dismissal
Wands
 y - a wand of polymorph (14/24)
Scrolls
 e - 6 scrolls of identify {unknown}
 g - a scroll of blinking {unknown}
 k - a scroll of enchant armour {unknown}
 l - 4 scrolls of remove curse {unknown}
 m - a scroll of noise {unknown}
 o - 2 scrolls of recharging {unknown}
 p - 2 scrolls of immolation {unknown}
 q - a scroll of teleportation {unknown}
 s - a scroll of magic mapping {unknown}
 v - a scroll of enchant weapon {unknown}
Potions
 d - a potion of might
 n - 2 potions of heal wounds {unknown}
 w - a potion of agility {unknown}
 x - a potion of cure mutation {unknown}
 z - a potion of curing {unknown}
 A - a potion of cancellation {unknown}
Comestibles
 b - a beef jerky
 f - 2 bread rations
 h - 2 slices of pizza
 i - 2 meat rations
 B - a chunk of flesh


   Skills:
 + Level 4.7(3.6) Fighting
 * Level 4.8(3.6) Long Blades
 + Level 4.9(3.7) Armour
 + Level 2.3(1.2) Dodging
 + Level 5.0(3.9) Shields


You had 6 spell levels left.
You didn't know any spells.

Dungeon Overview and Level Annotations

Branches:
Dungeon (6/15)
 Temple: D:4-7

Altars:
Fedhas
Gozag
Pakellas
Trog
Vehumet
Xom
Yredelemnul
Zin
The Shining One

Annotations:
D:4 Edmund


Innate Abilities, Weirdness & Mutations

You are under a permanent stasis effect.
You can dig through walls and to a lower floor.
Your four strong arms can wield two-handed weapons with a shield.
You have a pair of large antennae on your head (SInv).


Message History

You barely miss the ogre. You block the ogre's attack.
You closely miss the ogre. The ogre completely misses you.
Your shield and chain mail prevent you from hitting the ogre.
You barely miss the ogre. You block the ogre's attack.
You hit the ogre.
The ogre is lightly wounded.
You block the ogre's attack.
You barely miss the ogre.
The ogre is lightly wounded.
The ogre hits you with a giant spiked club!
You hit the ogre but do no damage.
The ogre is lightly wounded.
You block the ogre's attack.
You hit the ogre.
The ogre is lightly wounded.
The ogre hits you with a giant spiked club!
You are too injured to fight recklessly!
The ogre hits you with a giant spiked club.
The ogre hits you with a giant spiked club!!
You die...

........# #.#
#...##.#.#
........#
#.#######.##.#.#
........#
#.......#....#..
........#
#.......########
.......
#######.......###
#................
#.............##.
#........)....#
#...O@........#
#.............#
##
#.............#
#<
#.............#
#..##
#.............#
#..#.
#####.##......#
#.... #.. ..... #
#. #########
#.##. #....


You could see an ogre.

Vanquished Creatures
  A phantom (D:5)
  A centaur (D:5)
  A scorpion (D:5)
  An orc wizard (D:5)
  2 hounds
  A giant frog skeleton (D:3)
  A centaur skeleton (D:4)
  Terence (D:2)
  3 worker ants
  A killer bee zombie (D:5)
  2 adders
  An adder zombie (D:5)
  An ooze (D:1)
  2 adder skeletons
  A worm (D:3)
  7 giant geckos
  8 orcs
  A ball python (D:1)
  4 bats
  4 giant cockroaches
  6 hobgoblins
  3 kobolds
  3 quokkas
  4 giant newts
  5 goblins
  5 rats
70 creatures vanquished.

Notes
Turn   | Place    | Note
--------------------------------------------------------------
     0 | D:1      | Proton the Formicid Fighter began the quest for the Orb.
     0 | D:1      | Reached XP level 1. HP: 18/18 MP: 1/1
    84 | D:1      | Reached XP level 2. HP: 16/24 MP: 2/2
   336 | D:1      | Reached XP level 3. HP: 12/29 MP: 3/3
  1038 | D:2      | Reached XP level 4. HP: 34/37 MP: 4/4
  1064 | D:2      | Found a bloodstained altar of Trog.
  1139 | D:2      | Found an opulent altar of Gozag.
  1139 | D:2      | Found a shimmering altar of Xom.
  1195 | D:2      | Found a glowing golden altar of the Shining One.
  1256 | D:2      | Noticed Terence
  1271 | D:2      | Killed Terence
  1271 | D:2      | Reached skill level 4 in Shields
  1534 | D:3      | Reached XP level 5. HP: 28/42 MP: 5/5
  1624 | D:3      | Reached skill level 1 in Dodging
  1668 | D:3      | Found a basalt altar of Yredelemnul.
  1780 | D:3      | Found a glowing silver altar of Zin.
  2039 | D:3      | Found a blossoming altar of Fedhas.
  2322 | D:4      | Reached XP level 6. HP: 45/48 MP: 6/6
  2369 | D:4      | Noticed Edmund
  2422 | D:5      | Entered Level 5 of the Dungeon
  2422 | D:5      | Found an oddly glowing altar of Pakellas.
  3057 | D:5      | Reached XP level 7. HP: 24/55 MP: 7/7
  3313 | D:5      | Found a radiant altar of Vehumet.
  3402 | D:5      | Reached skill level 5 in Shields
  3742 | D:4      | Mangled by an ogre

Vault maps used:
D:1:      lemuel_arrival_room
D:2:      bloody_trog, tso_metal_star, gammafunk_temple_overflow_wave,
          uniq_terence
D:3:      yredelemnul_altar_generic, zin_statuary,
          nicolae_overflow_hidden_temple, minmay_misc_feat_alley
D:4:      black_bear_nest_1, first_bread, uniq_edmund
D:5:      lemuel_round_altar, serial_glass, glass_columns_c, glass_columns_c,
          grunt_pakellas_sulfur
D:6:      minmay_goblin_kobold_castle

Action                   |  1- 3 |  4- 6 |  7- 9 || total
-------------------------+-------+-------+-------++-------
Melee: Long sword        |   111 |   145 |    44 ||   300
  Eat: Chunk             |       |     6 |     3 ||     9
